[Event "46th Roda Open 2019"]
[Site "La Roda"]
[Date "2019.04.21"]
[Round "8.7"]
[White "Ladron De Guevara Pinto, Paolo"]
[Black "Merario Alarcon, Andres"]
[Result "1/2-1/2"]
[ECO "C56"]
[WhiteElo "2429"]
[BlackElo "2399"]
[Annotator "ChessBase"]
[PlyCount "41"]
[EventDate "2019.04.17"]
[EventType "swiss"]
[EventCountry "ESP"]
[SourceTitle "playchess.com"]
[Source "ChessBase"]
[SourceQuality "1"]
[TimeControl "5400+30"]

1. e4 e5 2. Nf3 Nc6 3. d4 exd4 4. Bc4 Nf6 5. O-O Nxe4 6. Nc3 dxc3 7. Bxf7+ Kxf7 8. Qd5+ Ke8 9. Re1 Qf6 10. Rxe4+ Be7 11. Bg5 Qf7 12. Qd3 cxb2 13. Rae1 Kf8 14. Rf4 Bf6 15. Bxf6 gxf6 16. Qc3 Kg7 17. Rg4+ Kf8 18. Rf4 Kg7 19. Rg4+ Kf8 20. Rf4 Kg7 21. Rg4+ 1/2-1/2

[Event "46th Roda Open 2019"]
[Site "La Roda"]
[Date "2019.04.21"]
[Round "8.8"]
[White "Grigoryan, Karen H."]
[Black "Lopez Mulet, Inigo"]
[Result "0-1"]
[ECO "E00"]
[WhiteElo "2545"]
[BlackElo "2368"]
[Annotator "ChessBase"]
[PlyCount "70"]
[EventDate "2019.04.17"]
[EventType "swiss"]
[EventCountry "ESP"]
[SourceTitle "playchess.com"]
[Source "ChessBase"]
[SourceQuality "1"]
[TimeControl "5400+30"]

1. d4 e6 2. c4 Bb4+ 3. Bd2 a5 4. Nf3 d6 5. g3 Nc6 6. Nc3 Nf6 7. Bg2 e5 8. d5 Nb8 9. O-O O-O 10. Ne1 Bf5 11. Nc2 Bxc3 12. Bxc3 Ne4 13. Be1 Nc5 14. b3 Qc8 15. Bc3 Bh3 16. f3 Bxg2 17. Kxg2 f5 18. f4 Qe8 19. fxe5 dxe5 20. Ne3 f4 21. gxf4 Rxf4 22. Qc2 Ne4 23. Kh1 Ra6 24. Ng2 Qg6 25. Rxf4 Ng3+ 26. hxg3 Qxc2 27. Bxe5 Nd7 28. Bxc7 Rf6 29. Bxa5 Rxf4 30. Nxf4 Qb2 31. Rd1 Qxa2 32. Be1 g5 33. Nd3 Qxe2 34. Nf2 Qf1+ 35. Kh2 Ne5 0-1

[Event "46th Roda Open 2019"]
[Site "La Roda"]
[Date "2019.04.21"]
[Round "9.1"]
[White "Grachev, Boris"]
[Black "Perez Candelario, Manuel"]
[Result "1/2-1/2"]
[ECO "E70"]
[WhiteElo "2618"]
[BlackElo "2615"]
[Annotator "ChessBase"]
[PlyCount "43"]
[EventDate "2019.04.17"]
[EventType "swiss"]
[EventCountry "ESP"]
[SourceTitle "playchess.com"]
[Source "ChessBase"]
[SourceQuality "1"]
[TimeControl "5400+30"]

1. d4 Nf6 2. c4 g6 3. Nc3 Bg7 4. e4 d6 5. Bg5 h6 6. Bd2 Na6 7. Bd3 c5 8. d5 e6 9. Nf3 exd5 10. cxd5 O-O 11. O-O Nc7 12. Re1 a6 13. a4 b6 14. Rb1 Bg4 15. h3 Bxf3 16. Qxf3 Nd7 17. Qg3 Ne5 18. Bf1 g5 19. Nd1 f5 20. f4 gxf4 21. Bxf4 Kh8 22. Nc3 1/2-1/2

[Event "46th Roda Open 2019"]
[Site "La Roda"]
[Date "2019.04.21"]
[Round "9.2"]
[White "Campora, Daniel H."]
[Black "Predke, Alexandr"]
[Result "0-1"]
[ECO "A05"]
[WhiteElo "2405"]
[BlackElo "2619"]
[Annotator "ChessBase"]
[PlyCount "56"]
[EventDate "2019.04.17"]
[EventType "swiss"]
[EventCountry "ESP"]
[SourceTitle "playchess.com"]
[Source "ChessBase"]
[SourceQuality "1"]
[TimeControl "5400+30"]

1. Nf3 Nf6 2. g3 b6 3. Bg2 Bb7 4. O-O c5 5. c4 g6 6. Nc3 Bg7 7. d3 O-O 8. Bd2 d6 9. Qc1 Nc6 10. Bh6 Rb8 11. Bxg7 Kxg7 12. Rb1 e5 13. a3 Nd4 14. Nd2 h5 15. e3 Ne6 16. Nde4 h4 17. Nxf6 Qxf6 18. Nd5 Qf5 19. Qd1 hxg3 20. hxg3 Rh8 21. f4 exf4 22. gxf4 Bxd5 23. cxd5 Nc7 24. Qd2 Rh4 25. b4 Rbh8 26. bxc5 dxc5 27. e4 Qg4 28. Kf2 Qxg2+ 0-1

[Event "46th Roda Open 2019"]
[Site "La Roda"]
[Date "2019.04.21"]
[Round "9.3"]
[White "Popov, Ivan"]
[Black "Solodovnichenko, Yuri"]
[Result "1/2-1/2"]
[ECO "C47"]
[WhiteElo "2585"]
[BlackElo "2554"]
[Annotator "ChessBase"]
[PlyCount "104"]
[EventDate "2019.04.17"]
[EventType "swiss"]
[EventCountry "ESP"]
[SourceTitle "playchess.com"]
[Source "ChessBase"]
[SourceQuality "1"]
[TimeControl "5400+30"]

1. e4 e5 2. Nf3 Nf6 3. Nc3 Nc6 4. Be2 d5 5. exd5 Nxd5 6. O-O Nxc3 7. bxc3 e4 8. Ne1 Bd6 9. f3 Bf5 10. fxe4 Bxe4 11. Nf3 O-O 12. d4 h6 13. Bd3 Qe7 14. Bxe4 Qxe4 15. Qd3 Rae8 16. Bd2 Qxd3 17. cxd3 f5 18. Rae1 Kh7 19. g3 g5 20. Kg2 b6 21. d5 Ne5 22. Nxe5 Rxe5 23. Rxe5 Bxe5 24. Re1 Bd6 25. Re6 Rg8 26. c4 Rg6 27. Re1 Rg7 28. Re6 Re7 29. d4 Kg7 30. h4 Rxe6 31. dxe6 gxh4 32. gxh4 h5 33. d5 c6 34. Kf3 cxd5 35. cxd5 b5 36. a3 Bxa3 37. Kf4 Bd6+ 38. Kxf5 b4 39. Ke4 a5 40. Kd3 a4 41. Kc2 Kf6 42. Bg5+ Kg6 43. Kb2 Be5+ 44. Ka2 Bd6 45. Kb2 Be5+ 46. Ka2 b3+ 47. Ka3 Bd6+ 48. Kb2 Be5+ 49. Ka3 Bd6+ 50. Kb2 Kg7 51. Be3 Kg6 52. Bg5 Be5+ 1/2-1/2

[Event "46th Roda Open 2019"]
[Site "La Roda"]
[Date "2019.04.21"]
[Round "9.4"]
[White "Lopez Mulet, Inigo"]
[Black "Forcen Esteban, Daniel"]
[Result "1/2-1/2"]
[ECO "A40"]
[WhiteElo "2368"]
[BlackElo "2567"]
[Annotator "ChessBase"]
[PlyCount "107"]
[EventDate "2019.04.17"]
[EventType "swiss"]
[EventCountry "ESP"]
[SourceTitle "playchess.com"]
[Source "ChessBase"]
[SourceQuality "1"]
[TimeControl "5400+30"]

1. d4 e6 2. Nf3 Nf6 3. g3 b5 4. Bg2 Bb7 5. Qd3 a6 6. Nbd2 c5 7. c3 cxd4 8. cxd4 Nc6 9. a3 d5 10. O-O Be7 11. Nb3 Nd7 12. Bd2 O-O 13. Rfc1 Qb6 14. Bg5 Rfc8 15. Rxc6 Qxc6 16. Bxe7 Qc2 17. Qxc2 Rxc2 18. Rb1 a5 19. Bc5 a4 20. Na1 Rxe2 21. Bf1 Re4 22. Bd3 Nxc5 23. dxc5 Rc8 24. Bxe4 dxe4 25. Nd4 Rxc5 26. Ne2 f5 27. Rd1 Bd5 28. Nc3 Kf7 29. Nc2 g5 30. Nb4 Bc4 31. Rd6 Rc8 32. Nc6 Kf6 33. Nd4 Ke5 34. Rc6 Rxc6 35. Nxc6+ Kd6 36. Nb4 g4 37. Nc2 Kc5 38. Ne3 Bd3 39. Na2 Kd4 40. Nc1 h6 41. Kg2 h5 42. Nd1 Bc4 43. Nc3 e3 44. f4 Bd3 45. N3e2+ Bxe2 46. Nxe2+ Kd3 47. Nc3 Kc2 48. Kf1 Kd2 49. Ne2 Kd1 50. Nc3+ Kd2 51. Ne2 Kc2 52. Nd4+ Kd2 53. Ne2 Kc2 54. Nd4+ 1/2-1/2

[Event "46th Roda Open 2019"]
[Site "La Roda"]
[Date "2019.04.21"]
[Round "9.5"]
[White "Sivuk, Vitaly"]
[Black "Burmakin, Vladimir"]
[Result "1/2-1/2"]
[ECO "B01"]
[WhiteElo "2523"]
[BlackElo "2495"]
[Annotator "ChessBase"]
[PlyCount "74"]
[EventDate "2019.04.17"]
[EventType "swiss"]
[EventCountry "ESP"]
[SourceTitle "playchess.com"]
[Source "ChessBase"]
[SourceQuality "1"]
[TimeControl "5400+30"]

1. e4 d5 2. exd5 Qxd5 3. Nc3 Qd6 4. d4 Nf6 5. Nf3 c6 6. Ne5 Be6 7. Bf4 Qd8 8. Qd2 Nbd7 9. Be2 g6 10. h4 Bg7 11. h5 Nd5 12. Nxd5 Bxd5 13. f3 Be6 14. Qe3 Qa5+ 15. c3 Nxe5 16. dxe5 g5 17. Bxg5 Bxe5 18. Rd1 Bg3+ 19. Kf1 Bc7 20. Bf4 Bb6 21. Qe5 Qxe5 22. Bxe5 O-O 23. a3 Rfd8 24. Rh4 f6 25. Bd4 Bb3 26. Bxb6 Rxd1+ 27. Bxd1 Bxd1 28. Bc5 e5 29. Rg4+ Kf7 30. h6 Rg8 31. Rxg8 Kxg8 32. Bxa7 Kf7 33. Bb6 f5 34. Bc7 Ke6 35. Kf2 f4 36. g3 fxg3+ 37. Kxg3 Bb3 1/2-1/2

[Event "46th Roda Open 2019"]
[Site "La Roda"]
[Date "2019.04.21"]
[Round "9.6"]
[White "Ibarra Jerez, Jose Carlos"]
[Black "Renteria, Jorge"]
[Result "1-0"]
[ECO "C41"]
[WhiteElo "2542"]
[BlackElo "2263"]
[Annotator "ChessBase"]
[PlyCount "97"]
[EventDate "2019.04.17"]
[EventType "swiss"]
[EventCountry "ESP"]
[SourceTitle "playchess.com"]
[Source "ChessBase"]
[SourceQuality "1"]
[TimeControl "5400+30"]

1. e4 d6 2. d4 Nf6 3. Nc3 e5 4. Nf3 Nbd7 5. Bc4 Be7 6. a4 O-O 7. O-O a5 8. Re1 b6 9. b3 Bb7 10. Bb2 Re8 11. Qd2 exd4 12. Qxd4 Ne5 13. Be2 Bf8 14. Rad1 Nc6 15. Qd2 Ne5 16. Qc1 Nxf3+ 17. Bxf3 Nd7 18. Nd5 Bxd5 19. Rxd5 Ne5 20. Be2 Qh4 21. f4 Ng4 22. Bxg4 Qxg4 23. Rg5 Qd7 24. Qd2 Kh8 25. c4 f6 26. Rd5 Qf7 27. Rd3 Kg8 28. Rde3 Red8 29. R1e2 Re8 30. Qd3 Re6 31. Qd5 Rae8 32. Kf2 R6e7 33. h3 Kh8 34. Kf3 Qg6 35. g4 h6 36. h4 Qf7 37. Rg2 Qe6 38. Qxe6 Rxe6 39. f5 R6e7 40. g5 fxg5 41. hxg5 hxg5 42. Rxg5 Rf7 43. Kf4 Re6 44. Rh3+ Kg8 45. Rgh5 Rh6 46. Rxh6 gxh6 47. Rg3+ Kh7 48. f6 h5 49. Kf5 1-0

[Event "46th Roda Open 2019"]
[Site "La Roda"]
[Date "2019.04.21"]
[Round "9.7"]
[White "Espinosa Aranda, Angel"]
[Black "Martinez Fernandez, Adrian"]
[Result "1/2-1/2"]
[ECO "B92"]
[WhiteElo "2482"]
[BlackElo "2318"]
[Annotator "ChessBase"]
[PlyCount "39"]
[EventDate "2019.04.17"]
[EventType "swiss"]
[EventCountry "ESP"]
[SourceTitle "playchess.com"]
[Source "ChessBase"]
[SourceQuality "1"]
[TimeControl "5400+30"]

1. e4 c5 2. Nf3 d6 3. d4 cxd4 4. Nxd4 Nf6 5. Nc3 a6 6. Be2 e5 7. Nb3 Be7 8. O-O O-O 9. Re1 b6 10. a4 Bb7 11. Bf3 h6 12. Nd2 Qc7 13. Nf1 Nbd7 14. Ne3 Rfd8 15. g4 Nc5 16. Nf5 Ne6 17. Nd5 Nxd5 18. exd5 Ng5 19. Bg2 Bf8 20. Ra3 1/2-1/2

[Event "46th Roda Open 2019"]
[Site "La Roda"]
[Date "2019.04.21"]
[Round "9.8"]
[White "Merario Alarcon, Andres"]
[Black "Mogranzini, Roberto"]
[Result "0-1"]
[ECO "E83"]
[WhiteElo "2399"]
[BlackElo "2449"]
[Annotator "NA"]
[PlyCount "62"]
[EventDate "2019.04.17"]
[EventType "swiss"]
[EventCountry "ESP"]
[SourceTitle "playchess.com"]
[Source "ChessBase"]
[SourceQuality "1"]
[TimeControl "5400+30"]

1. d4 d6 2. e4 Nf6 3. f3 g6 4. c4 Bg7 5. Nc3 O-O 6. Be3 Nc6 7. Nge2 a6 8. Qd2 Na5 9. Nf4 b5 10. h4 Nxc4 11. Bxc4 bxc4 12. h5 c6 13. hxg6 fxg6 14. Qe2 d5 15. e5 Nh5 16. Nxh5 gxh5 17. Rxh5 Bf5 18. O-O-O Bg6 19. Rh3 e6 20. Rdh1 Rb8 21. g4 Rf7 22. R1h2 Qa5 23. Qe1 Bf8 24. f4 Bb4 25. Bd2 Bxc3 26. Bxc3 Qxa2 27. f5 exf5 28. gxf5 Rxf5 29. b4 Qa3+ 30. Kd2 Rbf8 31. Qg3 Rf3 0-1